 Dungeon Crawl Stone Soup version 0.19.5 (webtiles) character file.

350 JeffiDaFish the Shield-Bearer (level 6, -1/38 HPs)
             Began as a Gargoyle Fighter on Sept 4, 2017.
             Slain by Sigmund
             ... wielding a +0 scythe
              (6 damage)
             ... on level 4 of the Dungeon on Sept 5, 2017.
             The game lasted 00:06:25 (3062 turns).

JeffiDaFish the Shield-Bearer (Gargoyle Fighter)    Turns: 3062, Time: 00:06:26

Health: -1/38      AC: 14    Str: 20    XL:     6   Next: 60%
Magic:  6/6        EV:  6    Int:  8    God:
Gold:   181        SH: 11    Dex: 11    Spells: 0 memorised, 5 levels left

rFire  . . .     SeeInvis .     a - +0 flail
rCold  . . .     Gourm    .     n - +0 chain mail
rNeg   + . .     Faith    .     c - +1 shield
rPois  ∞         Spirit   .     (no helmet)
rElec  +         Reflect  .     (no cloak)
rCorr  .         Harm     .     (no gloves)
MR     .....                    (no boots)
Stlth  ..........               (no amulet)
                                (no ring)
                                l - +1 ring of protection

@: no status effects
A: negative energy resistance 1, electricity resistance, unbreathing,
petrification resistance, rot immunity, AC +4
a: no special abilities


You were on level 4 of the Dungeon.
You were hungry.

You visited 2 branches of the dungeon, and saw 5 of its levels.

You collected 181 gold pieces.

Inventory:

Hand Weapons
 a - a +0 flail (weapon)
Armour
 b - a +0 scale mail
 c - a +1 shield (worn)
 n - a +0 chain mail (worn)
Jewellery
 l - a +1 ring of protection (left hand)
Wands
 k - a wand of iceblast (7/15)
Scrolls
 d - a scroll of teleportation
 e - a scroll of remove curse
 i - a scroll of fear
Comestibles
 f - 2 bread rations
 g - a royal jelly
 h - 3 meat rations
 j - a slice of pizza


   Skills:
 + Level 4.1 Fighting
 + Level 4.3 Maces & Flails
 + Level 4.0 Armour
 + Level 1.2 Dodging
 + Level 1.0 Stealth
 + Level 5.0 Shields


You had 5 spell levels left.
You didn't know any spells.

Dungeon Overview and Level Annotations

Branches:
Dungeon (4/15)             Temple (1/1) D:4

Altars:
Ashenzari
Cheibriados
Elyvilon
Fedhas
Gozag
Kikubaaqudgha
Nemelex Xobeh
Qazlal
Ru
Sif Muna
Trog
Uskayaw
Vehumet
Xom
Yredelemnul
Zin
The Shining One

Shops:
D:4 *

Annotations:
D:4 Sigmund


Innate Abilities, Weirdness & Mutations

You are resistant to torment.
Your stone body is resilient. (AC +4)
You are immune to poison.
You resist negative energy. (rN+)
You are resistant to electric shocks. (rElec)
You can survive without breathing.
You are immune to petrification.
You are immune to rotting.


Message History

Something hits you.
You closely miss something. You hit something. You block something's attack.
You closely miss something. Something hits you but does no damage.
You barely miss something. Something hits you but does no damage.
You closely miss something. Something hits you.
You closely miss something. Something hits you!
You miss something. Something hits you but does no damage.
You hit something. Something hits you.
* * * LOW HITPOINT WARNING * * *
You miss something. You barely miss something. Something hits you!
* * * LOW HITPOINT WARNING * * *
You hit something.
You hear some strange, mumbled words.
A puff of flame appears from out of thin air!
You block the puff of flame.
You miss something. Something hits you but does no damage.
You barely miss something. Something hits you.
You die...

##..# ##....
###.###. ##..##
## # ##..## #
###. ##..##
##...# ##..##
.#.....######.###
......{@.....## #
#.......###..##
#### #?......#
##..# ###...
##......# ##.##
##..... ###....#
#..# #......
######
##.###......
#..##......
##.##......
#.........


There were no monsters in sight!

Vanquished Creatures
  A centaur (D:3)
  A scorpion (D:4)
  A crimson imp (D:3)
  An iguana (D:4)
  4 gnolls (D:3)
  3 adders
  2 worms
  A dart slug (D:1)
  A leopard gecko (D:4)
  8 orcs
  A ball python (D:3)
  9 bats
  5 giant cockroaches
  8 goblins
  9 hobgoblins
  6 jackals
  2 quokkas (D:2)
  6 frilled lizards
  9 kobolds
  4 rats
82 creatures vanquished.

Notes
Turn   | Place    | Note
-------+----------+-------------------------------------------
     0 | D:1      | JeffiDaFish the Gargoyle Fighter began the quest for the Orb.
     0 | D:1      | Reached XP level 1. HP: 14/14 MP: 1/1
   144 | D:1      | Reached XP level 2. HP: 15/19 MP: 2/2
   636 | D:1      | Reached XP level 3. HP: 23/23 MP: 3/3
  1141 | D:2      | Reached XP level 4. HP: 28/28 MP: 4/4
  1294 | D:2      | Found a snail-covered altar of Cheibriados.
  1297 | D:2      | Reached skill level 4 in Shields
  1376 | D:2      | Found a faded altar of an unknown god.
  1376 | D:2      | Found a blossoming altar of Fedhas.
  1386 | D:2      | Found a faded altar of an unknown god.
  1388 | D:2      | Found a faded altar of an unknown god.
  1389 | D:2      | Found a faded altar of an unknown god.
  1504 | D:3      | Reached skill level 1 in Dodging
  1504 | D:3      | Reached XP level 5. HP: 26/33 MP: 5/5
  1697 | D:3      | Found a sparkling altar of Nemelex Xobeh.
  1712 | D:3      | Noticed a centaur
  1726 | D:3      | Killed a centaur
  2154 | D:3      | Reached XP level 6. HP: 35/38 MP: 6/6
  2160 | D:3      | Found a bloodstained altar of Trog.
  2364 | D:4      | Found a sparkling altar of Nemelex Xobeh.
  2379 | D:4      | Found Ytonoici's Assorted Antiques.
  2393 | D:4      | Found a stormy altar of Qazlal.
  2466 | D:4      | Found a staircase to the Ecumenical Temple.
  2530 | Temple   | Entered the Ecumenical Temple
  2642 | D:4      | Found a sacrificial altar of Ru.
  2928 | D:4      | Reached skill level 1 in Stealth
  2928 | D:4      | Reached skill level 5 in Shields
  3031 | D:4      | Noticed Sigmund
  3062 | D:4      | Slain by Sigmund

Skill      XL: |  1  2  3  4  5  6 |
---------------+-------------------+-----
Maces & Flails | 3 4 |  4.3
Shields        | 4 5 |  5.0
Dodging        | 1 |  1.2
Fighting       | 4 |  4.1
Armour         | 4 |  4.0
Stealth        | 1 |  1.0

Action                   |  1- 3 |  4- 6 || total
-------------------------+-------+-------++-------
Melee: Flail             |   145 |   225 ||   370
  Use: Potion            |     3 |     2 ||     5
       Scroll            |     5 |     4 ||     9
  Eat: Chunk             |     1 |     6 ||     7
Armor: Scale mail        |    94 |    90 ||   184
       Chain mail        |       |    15 ||    15
Dodge: Dodged            |    69 |    69 ||   138
Block: Shield            |    93 |   145 ||   238
